[Event "Titled Tuesday Blitz February 28 Late 2023"]
[White "Jimenez Almeida, Luis David"]
[Black "Aung Thant Zin"]
[WhiteFideId "22242244"]
[BlackFideId "13000063"]
[WhiteElo "2245"]
[BlackElo "2278"]
[Result "1-0"]
[Round "10"]
[TimeControl "180+2"]
[Date "2023.02.28"]
[WhiteClock "0:00:23"]
[BlackClock "0:00:45"]

1. e4 c5 2. Nc3 Nc6 3. g3 e6 4. Bg2 Nf6 5. f4 d5 6. d3 Be7 7. e5 Nd7 8. Nf3 O-O 9. O-O a6 10. Ne2 d4 11. g4 Qc7 12. Ng3 b5 13. h4 Bb7 14. h5 f6 15. exf6 gxf6 16. Qe2 Nd8 17. a4 b4 18. Bd2 Bd5 19. b3 Qc6 20. Rae1 Nf7 21. Nh4 Rae8 22. Bxd5 exd5 23. Nhf5 Bd6 24. Qxe8 Rxe8 25. Rxe8+ Nf8 26. Rfe1 a5 27. Ne7+ Bxe7 28. R1xe7 Nd6 29. Rd8 Qb6 30. Ra8 c4 31. h6 Nf7 32. Nh5 cxb3 33. Ree8 Qd6 34. Nxf6+ 1-0


[Site "https://www.chess.com"]

[Event "Titled Tuesday Blitz February 28 Late 2023"]
[White "Lewtak, Damian"]
[Black "Ansh M Shah"]
[WhiteFideId "1141724"]
[BlackFideId "25033379"]
[WhiteElo "2302"]
[BlackElo "2084"]
[Result "0-1"]
[Round "10"]
[TimeControl "180+2"]
[Date "2023.02.28"]
[WhiteClock "0:01:52"]
[BlackClock "0:00:30"]

1. e4 c6 2. Nf3 d5 3. d3 dxe4 4. dxe4 Qxd1+ 5. Kxd1 Nf6 6. Bd3 Nbd7 7. Ke2 e5 8. Be3 Bd6 9. h3 O-O 10. Nbd2 Bc7 11. a4 a5 12. Rhb1 Re8 13. b4 axb4 14. Rxb4 Nf8 15. Nc4 N6d7 16. Nb6 Nxb6 17. Bxb6 Bxb6 18. Rxb6 Ng6 19. Ke3 Nf4 20. Bf1 f6 21. a5 Ra7 22. a6 bxa6 23. Rxc6 Bb7 24. Rc7 Rc8 25. Rxc8+ Bxc8 26. h4 Ne6 27. Bc4 Kf8 28. Bd5 Ke7 29. g3 Rc7 30. c4 Nc5 31. Nd2 Bb7 32. Ra5 Bc8 33. Ra3 Kd6 34. Nb3 Nxb3 35. Rxb3 Kc5 36. Kd3 Ra7 37. Kc3 Bd7 38. f4 Bc6 39. Bxc6 Kxc6 40. fxe5 fxe5 41. Ra3 a5 42. Kb3 Kc5 43. Ra4 Kd4 44. h5 Kxe4 45. c5+ Kd5 46. Rc4 a4+ 47. Kc3 a3 0-1


[Site "https://www.chess.com"]

[Event "Titled Tuesday Blitz February 28 Late 2023"]
[White "Karamsetty, Jeevan"]
[Black "Rosen, Eric"]
[WhiteFideId "2025337"]
[BlackFideId "2032562"]
[WhiteElo "2111"]
[BlackElo "2359"]
[Result "1-0"]
[Round "10"]
[TimeControl "180+2"]
[Date "2023.02.28"]
[WhiteClock "0:00:04"]
[BlackClock "0:00:02"]

1. e4 e5 2. Nf3 Nf6 3. Nxe5 Nc6 4. Nxc6 dxc6 5. d3 Bc5 6. Be2 h5 7. c3 Ng4 8. d4 Qh4 9. Bxg4 Bxg4 10. Qb3 O-O-O 11. Be3 Be6 12. Qa4 Bb6 13. Nd2 f5 14. g3 Qh3 15. O-O-O fxe4 16. Nxe4 Bd5 17. f3 Qg2 18. Ng5 Rhe8 19. Rhe1 Qxh2 20. Bf4 Rxe1 21. Rxe1 Qf2 22. Qd1 Bc4 23. Ne4 Qh2 24. Rh1 Qg2 25. Rg1 Qh3 26. Rh1 Qf5 27. b3 Bg8 28. Ng5 g6 29. Qc2 Qa5 30. Kb2 c5 31. dxc5 Bxc5 32. Ne4 Ba3+ 33. Kb1 Be6 34. Re1 Bf5 35. Bc1 Be7 36. Bb2 Qd5 37. Qe2 Bd6 38. Qf2 b6 39. Ka1 Bf8 40. c4 Qd3 41. Nf6 Bb4 42. Rc1 Bd2 43. Rd1 Qc2 44. Qg1 Rd3 45. Ne4 1-0


[Site "https://www.chess.com"]

[Event "Titled Tuesday Blitz February 28 Late 2023"]
[White "Bilan, Danila"]
[Black "Poliakova, Varvara"]
[WhiteFideId "24161918"]
[BlackFideId "13518313"]
[WhiteElo "2182"]
[BlackElo "2075"]
[Result "1/2-1/2"]
[Round "10"]
[TimeControl "180+2"]
[Date "2023.02.28"]
[WhiteClock "0:00:03"]
[BlackClock "0:00:19"]

1. d4 e5 2. dxe5 d6 3. Nf3 Nc6 4. e4 Bg4 5. exd6 Bxd6 6. Be2 Nf6 7. Nc3 Qe7 8. Bg5 O-O-O 9. Qc1 h6 10. Bxf6 gxf6 11. h3 Bxf3 12. Bxf3 Nd4 13. Nd5 Qe5 14. c3 Nxf3+ 15. gxf3 c6 16. Ne3 Qh5 17. Ke2 Qb5+ 18. Ke1 Bf4 19. Qc2 Rd3 20. c4 Qb4+ 21. Ke2 Rhd8 22. Rhd1 Rxd1 23. Rxd1 Rxd1 24. Kxd1 Qd6+ 25. Ke2 Qe6 26. Nf5 Kc7 27. Qd3 Qe5 28. Qd4 Qa5 29. Qxf6 Qd2+ 30. Kf1 Qd3+ 31. Kg2 Qxc4 32. b3 Qe6 33. Qd4 a6 34. Kf1 h5 35. Ke2 Be5 36. Qc4 Qxc4+ 37. bxc4 b5 38. cxb5 cxb5 39. Ke3 Kd7 40. f4 Bc7 41. Ng3 h4 42. Nf5 Bb6+ 43. Kf3 a5 44. Nxh4 b4 45. Ke2 a4 46. Kd3 Bxf2 47. Nf5 b3 48. axb3 axb3 49. Kc3 Be1+ 50. Kxb3 Bd2 51. Kc4 Bxf4 52. Kd5 Ke8 53. Nd6+ Ke7 54. Nf5+ Kf6 55. Nd6 Kg6 56. e5 Bg3 57. Nxf7 Kxf7 58. e6+ Ke7 59. h4 Bxh4 60. Ke4 Bf6 61. Kf3 Kxe6 1/2-1/2


[Site "https://www.chess.com"]

[Event "Titled Tuesday Blitz February 28 Late 2023"]
[White "Sielecki, Christof"]
[Black "reevecanada"]
[WhiteFideId "4620437"]
[WhiteElo "2443"]
[BlackElo "2478"]
[Result "0-1"]
[Round "10"]
[TimeControl "180+2"]
[Date "2023.02.28"]
[WhiteClock "0:00:24"]
[BlackClock "0:00:59"]

1. e4 c5 2. Nf3 d6 3. Bb5+ Bd7 4. Bxd7+ Qxd7 5. c4 e5 6. Nc3 Nf6 7. d3 g6 8. Bg5 Bg7 9. Bxf6 Bxf6 10. Nd5 Bg7 11. O-O O-O 12. Rb1 Nc6 13. a3 Ne7 14. Nxe7+ Qxe7 15. b4 b6 16. Nd2 f5 17. Re1 f4 18. f3 g5 19. Rb2 h5 20. h3 Rf6 21. Nb1 Rg6 22. Nc3 g4 23. fxg4 hxg4 24. hxg4 Qh4 25. Rf1 Rxg4 26. Rf3 Kf7 27. Qa4 Ke6 28. Qc6 Rh8 29. Qd5+ Ke7 30. Qb7+ Kf6 31. Nd5+ Kg6 32. Ne7+ Kg5 33. Kf1 Qh1+ 34. Ke2 Rxg2+ 35. Rf2 Rxf2+ 0-1


[Site "https://www.chess.com"]

[Event "Titled Tuesday Blitz February 28 Late 2023"]
[White "Golubev, Mikhail"]
[Black "Karttunen, Mika"]
[WhiteFideId "14100983"]
[BlackFideId "502081"]
[WhiteElo "2374"]
[BlackElo "2396"]
[Result "0-1"]
[Round "10"]
[TimeControl "180+2"]
[Date "2023.02.28"]
[WhiteClock "0:00:01"]
[BlackClock "0:00:08"]

1. e4 c6 2. d4 d5 3. Nc3 dxe4 4. Nxe4 Nf6 5. Nxf6+ exf6 6. c3 Bd6 7. Bd3 h5 8. Ne2 Qc7 9. h3 h4 10. Be3 Be6 11. Qd2 g5 12. f4 Bd5 13. fxg5 Bxg2 14. Rg1 Bxh3 15. O-O-O Nd7 16. Nf4 Bxf4 17. Bxf4 Qa5 18. Rde1+ Be6 19. Rxe6+ fxe6 20. Bg6+ Ke7 21. gxf6+ Nxf6 22. Be5 Raf8 23. Qg5 Kd7 24. Rf1 h3 25. Rxf6 h2 26. Be4 h1=Q+ 27. Bxh1 Rxh1+ 28. Kd2 Rxf6 29. Qg7+ Ke8 30. Qxf6 Qd5 31. Qg6+ Ke7 32. Bf6+ Kd7 33. Qg7+ Kc8 34. Be5 Qd8 35. Qf7 Rh6 0-1


[Site "https://www.chess.com"]

[Event "Titled Tuesday Blitz February 28 Late 2023"]
[White "Mortazavi, Ali"]
[Black "Gascon Del Nogal, Jose Rafael"]
[WhiteFideId "401323"]
[BlackFideId "3902463"]
[WhiteElo "2339"]
[BlackElo "2473"]
[Result "1-0"]
[Round "10"]
[TimeControl "180+2"]
[Date "2023.02.28"]
[WhiteClock "0:00:18"]
[BlackClock "0:00:02"]

1. e4 c5 2. Nc3 Nc6 3. f4 e6 4. Nf3 d5 5. Bb5 Ne7 6. exd5 exd5 7. Qe2 f6 8. d4 Kf7 9. dxc5 Nf5 10. Nxd5 Ncd4 11. Nxd4 Nxd4 12. Qc4 Nxb5 13. Nc7+ Kg6 14. Nxb5 Bf5 15. g4 Qe7+ 16. Kf1 Bxg4 17. f5+ Kh5 18. h3 Bf3 19. Bg5 fxg5 20. Re1 Qxc5 21. Qf7+ Kh4 22. Rg1 Qxb5+ 23. c4 Qxb2 24. Re4+ Bxe4 25. Rg4+ Kxh3 26. Qh5# 1-0


[Site "https://www.chess.com"]

[Event "Titled Tuesday Blitz February 28 Late 2023"]
[White "Yurovskykh, Oleksandr"]
[Black "Mazurkiewicz, Michal"]
[WhiteFideId "14134020"]
[BlackFideId "1124943"]
[WhiteElo "2268"]
[BlackElo "2054"]
[Result "1-0"]
[Round "10"]
[TimeControl "180+2"]
[Date "2023.02.28"]
[WhiteClock "0:00:43"]
[BlackClock "0:00:05"]

1. d4 Nf6 2. Nf3 g6 3. Bg5 Bg7 4. Nbd2 d5 5. e3 O-O 6. Be2 c6 7. O-O h6 8. Bh4 Bf5 9. c4 Nbd7 10. Rc1 Qb6 11. Qb3 Rfe8 12. h3 Ne4 13. Nxe4 Qxb3 14. axb3 Bxe4 15. Nd2 e5 16. Nxe4 dxe4 17. d5 Nc5 18. b4 Nd3 19. Bxd3 exd3 20. e4 cxd5 21. cxd5 g5 22. Bg3 Bf8 23. Rfd1 f6 24. b5 Rac8 25. Rxc8 Rxc8 26. Rxd3 Bd6 27. Rc3 Rc5 28. Rxc5 Bxc5 29. Kf1 Kf8 30. f3 Ke7 31. Be1 Kd6 32. Ke2 Kc7 33. Kd3 Kb6 34. Kc4 Bd6 35. Bf2+ Kc7 36. Bc5 b6 37. Bxd6+ Kxd6 38. b4 h5 39. h4 gxh4 40. Kd3 Kc7 41. Ke2 Kb7 42. Kf2 a5 43. bxa6+ Kxa6 44. Kg1 Kb7 45. Kh2 Kc7 46. Kh3 Kd6 47. Kxh4 f5 48. Kxh5 f4 49. Kg4 1-0


[Site "https://www.chess.com"]

[Event "Titled Tuesday Blitz February 28 Late 2023"]
[White "Papayan, Oleg"]
[Black "Paszewski, Mateusz"]
[WhiteFideId "4193911"]
[BlackFideId "1141058"]
[WhiteElo "2153"]
[BlackElo "2223"]
[Result "0-1"]
[Round "10"]
[TimeControl "180+2"]
[Date "2023.02.28"]
[WhiteClock "0:00:04"]
[BlackClock "0:00:16"]

1. e4 c5 2. Nf3 d6 3. d4 cxd4 4. Qxd4 Nf6 5. Bg5 Bd7 6. c4 Nc6 7. Qe3 e6 8. Be2 Be7 9. O-O O-O 10. Nc3 Rc8 11. Rfd1 a6 12. Bxf6 gxf6 13. Nd4 Kh8 14. Rac1 Rg8 15. b3 Qa5 16. Nxc6 Bxc6 17. Bf3 Qe5 18. Qd4 Qf4 19. Kh1 Rg6 20. Ne2 Qh4 21. Ng3 Rcg8 22. Kg1 Rh6 23. h3 Rhg6 24. Kf1 Qf4 25. Rc3 Qe5 26. Qxe5 fxe5 27. Ne2 Rf8 28. Ng3 f5 29. exf5 exf5 30. Bxc6 bxc6 31. Ne2 Rc8 32. f4 e4 33. g3 Kg8 34. Kf2 Kf7 35. Rc2 Bd8 36. Nd4 Bb6 37. Kg2 Bxd4 38. Rxd4 Rcg8 39. Rc3 Ke6 40. Kf2 h5 41. h4 a5 42. c5 d5 43. Ra4 Ra8 44. b4 Rg7 45. bxa5 Rb7 46. Rb3 Rb5 47. Rxb5 cxb5 48. Ra3 Kd7 49. Ke3 Kc6 50. Kd4 b4 51. Rb3 Rxa5 52. Rxb4 Rxa2 53. Rb6+ Kc7 54. Kxd5 e3 55. Re6 e2 56. Re5 Rd2+ 57. Ke6 Kc6 58. Kxf5 Rd5 0-1


[Site "https://www.chess.com"]

[Event "Titled Tuesday Blitz February 28 Late 2023"]
[White "Florescu, Codrut-Constantin"]
[Black "Dudzinski, Pawel"]
[WhiteFideId "1202200"]
[BlackFideId "1117890"]
[WhiteElo "2191"]
[BlackElo "2099"]
[Result "1-0"]
[Round "10"]
[TimeControl "180+2"]
[Date "2023.02.28"]
[WhiteClock "0:00:11"]
[BlackClock "0:00:05"]

1. e4 c6 2. Nf3 d5 3. Nc3 dxe4 4. Nxe4 Nf6 5. Ng3 h5 6. h4 Bg4 7. Be2 c5 8. d3 Nc6 9. Bg5 e6 10. Ne4 Be7 11. Bxf6 Bxf6 12. Nxf6+ Qxf6 13. c3 O-O-O 14. Qc2 Ne5 15. Nxe5 Qxe5 16. Kf1 Rd7 17. Re1 Bxe2+ 18. Rxe2 Qd5 19. Rh3 Qxa2 20. Re5 Rd5 21. Rxd5 Qxd5 22. Qa4 a6 23. Rf3 f6 24. Rg3 Rd8 25. Kg1 Rd7 26. Qa5 Kb8 27. Qb6 Rd6 28. Qa5 Ka7 29. Rxg7 Rb6 30. Qa3 Qxd3 31. Qxc5 Qb1+ 32. Kh2 Qxb2 33. Rh7 Qb5 34. Rxh5 Qe2 35. f3 f5 36. Rh6 Qe1 37. Rh8 Qb1 38. Qc7 a5 39. Qb8+ Ka6 40. Rd8 Kb5 41. Rd4 Kc5 42. Qe5+ Kc6 43. Qxe6+ Kc7 44. Qe5+ Kc6 45. Rd6+ Kc7 46. Qe7+ Kb8 47. Rd8+ Ka7 48. Qe8 Ka6 49. Ra8# 1-0


[Site "https://www.chess.com"]

[Event "Titled Tuesday Blitz February 28 Late 2023"]
[White "Rottenwohrer Suarez, Juan"]
[Black "Remolar Gallen, Jose"]
[WhiteFideId "32068182"]
[BlackFideId "2215187"]
[WhiteElo "2174"]
[BlackElo "2223"]
[Result "1-0"]
[Round "10"]
[TimeControl "180+2"]
[Date "2023.02.28"]
[WhiteClock "0:00:38"]
[BlackClock "0:00:08"]

1. c4 g6 2. g3 Bg7 3. Bg2 Nf6 4. Nf3 O-O 5. O-O d6 6. d4 Nc6 7. Nc3 a6 8. Bf4 h6 9. h3 g5 10. Be3 Bf5 11. d5 Na5 12. Nd4 Bd7 13. b3 c5 14. dxc6 Nxc6 15. Qd2 Nxd4 16. Bxd4 Bc6 17. Rfd1 Bxg2 18. Kxg2 Qa5 19. Nd5 Qd8 20. Nxf6+ exf6 21. Bb2 Re8 22. e3 Re6 23. Qd5 Qc7 24. Rd2 Rd8 25. Rad1 Bf8 26. Qf3 Qc6 27. Rd5 Be7 28. Rh1 b5 29. cxb5 axb5 30. h4 Kf8 31. Rc1 Qa8 32. Rxb5 Qxa2 33. Bd4 Qa6 34. Rb6 Qd3 35. Rc7 d5 36. Rxe6 fxe6 37. Bxf6 1-0


[Site "https://www.chess.com"]

[Event "Titled Tuesday Blitz February 28 Late 2023"]
[White "Haszon, David"]
[Black "Ferreira, Vitor Hugo Vieira"]
[WhiteFideId "733610"]
[BlackFideId "2119765"]
[WhiteElo "2210"]
[BlackElo "2146"]
[Result "1-0"]
[Round "10"]
[TimeControl "180+2"]
[Date "2023.02.28"]
[WhiteClock "0:00:42"]
[BlackClock "0:00:09"]

1. d4 d5 2. Bf4 Nf6 3. e3 c5 4. Nd2 Nc6 5. Ngf3 Qb6 6. dxc5 Qxc5 7. a3 Bf5 8. c4 e6 9. b4 Qb6 10. c5 Qd8 11. Nd4 Nxd4 12. exd4 a6 13. Be2 Be7 14. O-O O-O 15. a4 Ne4 16. Nxe4 dxe4 17. b5 Qa5 18. Bd2 Qc7 19. Qb3 Rfd8 20. Be3 Bf6 21. Rad1 h6 22. h3 Rd7 23. Rd2 Rad8 24. Rfd1 Bh7 25. bxa6 bxa6 26. Bxa6 Bg5 27. Bb5 Re7 28. c6 f5 29. d5 f4 30. d6 Rxd6 31. Rxd6 fxe3 32. fxe3 Qb6 33. Rxe6 Qxe3+ 34. Qxe3 Bxe3+ 35. Kf1 Rxe6 36. Bc4 Bf5 37. Rd6 Kf7 38. c7 Ke7 39. Rxe6+ Bxe6 40. Bxe6 1-0


[Site "https://www.chess.com"]

[Event "Titled Tuesday Blitz February 28 Late 2023"]
[White "Bulgurlu, Okan"]
[Black "Filgueira, Hernan"]
[WhiteFideId "6352316"]
[BlackFideId "101770"]
[WhiteElo "2352"]
[BlackElo "2363"]
[Result "1-0"]
[Round "10"]
[TimeControl "180+2"]
[Date "2023.02.28"]
[WhiteClock "0:00:13"]
[BlackClock "0:00:29"]

1. e4 d6 2. d4 Nf6 3. Nc3 c6 4. f4 Qa5 5. Nf3 Nxe4 6. Bd2 Nxd2 7. Qxd2 Bg4 8. Be2 e6 9. O-O-O Nd7 10. Kb1 Bxf3 11. Bxf3 O-O-O 12. g4 d5 13. Rhe1 Nb6 14. f5 exf5 15. Nxd5 Qxd2 16. Nxb6+ axb6 17. Rxd2 fxg4 18. Bxg4+ Kc7 19. Rf1 f6 20. c3 Bd6 21. Rg2 Rhf8 22. Kc2 g6 23. h4 f5 24. Be2 Rde8 25. h5 Rf6 26. hxg6 hxg6 27. Rfg1 Bf4 28. Bd3 g5 29. Rh1 Re7 30. Rh8 Ref7 31. Re2 Bd6 32. Ree8 b5 33. c4 bxc4 34. Bxc4 Re7 35. Rc8+ Kb6 36. a4 Bb4 37. Kb3 Ba5 38. Bd3 Re3 39. Kc4 f4 40. b4 Bxb4 41. Kxb4 Rxd3 42. a5+ 1-0


[Site "https://www.chess.com"]

[Event "Titled Tuesday Blitz February 28 Late 2023"]
[White "Balla, Tamas-Kristof"]
[Black "Rego, Pedro Filipe"]
[WhiteFideId "1208497"]
[BlackFideId "1904310"]
[WhiteElo "2334"]
[BlackElo "2193"]
[Result "0-1"]
[Round "10"]
[TimeControl "180+2"]
[Date "2023.02.28"]
[WhiteClock "0:00:09"]
[BlackClock "0:00:08"]

1. e4 e6 2. d4 d5 3. Nd2 c5 4. exd5 Qxd5 5. Ngf3 cxd4 6. Bc4 Qd6 7. O-O Nf6 8. Nb3 Nc6 9. Nbxd4 Nxd4 10. Nxd4 Bd7 11. Re1 a6 12. c3 Qc7 13. Bb3 Be7 14. Bg5 O-O 15. Nf5 Bd8 16. Nd4 h6 17. Bh4 Bc6 18. Bg3 Qd7 19. Qe2 Bc7 20. Nxe6 Bxg3 21. Nxf8 Bxh2+ 22. Kxh2 Rxf8 23. Rad1 Qf5 24. Rd3 Re8 25. Qd1 Rxe1 26. Rd8+ Re8 27. Rd4 Qh5+ 28. Qxh5 Nxh5 29. f3 Nf6 30. a4 Kf8 31. a5 Ke7 32. Rb4 Nd5 33. Rd4 Rd8 34. Re4+ Kd6 35. Re1 Nf6 36. Rd1+ Ke7 37. Re1+ Kf8 38. Bc4 Bd5 39. Bd3 Be6 40. Bf1 Rd2 41. b4 Bd5 42. Kg3 Rc2 43. Re3 Be6 44. Rd3 Nd5 45. c4 Rxc4 46. Rd1 Rxb4 47. Rc1 Ke7 48. Bd3 Kd6 49. Be4 Rb5 50. Rd1 Rxa5 51. Rb1 Rb5 52. Ra1 a5 53. Rc1 Rc5 54. Ra1 Kc7 55. Rb1 b5 56. f4 a4 57. f5 Bd7 58. Rd1 Bc6 59. Re1 Rc3+ 60. Kh2 Kd6 61. Bb1 a3 62. Ba2 b4 63. Rb1 Bb5 64. Bb3 Bc4 65. Ba4 b3 66. Re1 a2 67. Re8 b2 68. Rd8+ Ke5 69. Re8+ Kd4 70. f6 gxf6 71. g4 b1=Q 72. g5 a1=Q 73. Re2 Qg1# 0-1


[Site "https://www.chess.com"]

[Event "Titled Tuesday Blitz February 28 Late 2023"]
[White "Yang, Qindong"]
[Black "Buchenau, Frank"]
[WhiteFideId "8603758"]
[BlackFideId "4604350"]
[WhiteElo "2090"]
[BlackElo "2157"]
[Result "1-0"]
[Round "10"]
[TimeControl "180+2"]
[Date "2023.02.28"]
[WhiteClock "0:00:17"]
[BlackClock "0:00:01"]

1. d4 e6 2. c4 Nf6 3. Nf3 b6 4. g3 Bb7 5. Bg2 Be7 6. O-O O-O 7. Re1 a5 8. Bg5 h6 9. Bxf6 Bxf6 10. e4 d6 11. Nc3 Nd7 12. e5 dxe5 13. Nxe5 Bxg2 14. Kxg2 Bxe5 15. dxe5 Nc5 16. Qg4 Qg5 17. Qxg5 hxg5 18. Red1 Rad8 19. Nb5 Nd3 20. b3 c6 21. Nd6 Nxe5 22. Ne4 f6 23. c5 bxc5 24. Nxc5 Kf7 25. Nb7 Rd5 26. Rxd5 cxd5 27. Nxa5 Rc8 28. b4 Rc2 29. b5 Rb2 30. a4 Nd3 31. Nb7 Rxf2+ 32. Kg1 Rb2 33. a5 Ne5 34. a6 Nf3+ 35. Kf1 Rxh2 36. Ra3 g4 37. a7 Nd2+ 38. Ke1 Nf3+ 39. Kd1 Rh1+ 40. Kc2 Nd4+ 41. Kb2 Rh2+ 42. Kc1 Nxb5 43. Nd6+ Nxd6 44. a8=Q 1-0


[Site "https://www.chess.com"]

[Event "Titled Tuesday Blitz February 28 Late 2023"]
[White "Liu, Eric"]
[Black "Pein, Jonathan"]
[WhiteFideId "30960240"]
[BlackFideId "417092"]
[WhiteElo "2094"]
[BlackElo "2151"]
[Result "1-0"]
[Round "10"]
[TimeControl "180+2"]
[Date "2023.02.28"]
[WhiteClock "0:02:06"]
[BlackClock "0:00:52"]

1. b3 Nf6 2. Bb2 g6 3. g4 Bg7 4. g5 Nh5 5. Qc1 Nc6 6. Nf3 e5 7. d4 exd4 8. e3 dxe3 9. Qxe3+ Qe7 10. Qxe7+ Nxe7 11. Bxg7 Nxg7 12. Nc3 c6 13. Ne4 d5 14. Nf6+ Kf8 15. O-O-O Ne8 16. Nxe8 Kxe8 17. Re1 Kf8 18. h4 h5 19. c4 Bg4 20. Ne5 Be6 21. cxd5 Bxd5 22. Rh3 Be6 23. Rf3 Kg7 24. Nxf7 Rhf8 25. Rxe6 Rxf7 26. Rxf7+ Kxf7 27. Rf6+ Kg7 28. Bd3 Rf8 29. Re6 Nf5 30. Re4 Rd8 31. Kd2 Rd4 32. Rxd4 Nxd4 33. Be4 Kf7 34. Ke3 Ne6 35. f4 a5 36. f5 gxf5 37. Bxf5 Ng7 38. Be4 Ke6 39. Kf4 Kd6 40. g6 b5 41. Kg5 c5 42. Kf6 Ne8+ 43. Kf7 Nc7 44. g7 1-0


[Site "https://www.chess.com"]

[Event "Titled Tuesday Blitz February 28 Late 2023"]
[White "Hoffmann, Asa"]
[Black "Martic, Ivan"]
[WhiteFideId "2001470"]
[BlackFideId "929301"]
[WhiteElo "2117"]
[BlackElo "2360"]
[Result "0-1"]
[Round "10"]
[TimeControl "180+2"]
[Date "2023.02.28"]
[WhiteClock "0:01:16"]
[BlackClock "0:01:18"]

1. d4 d6 2. e4 Nf6 3. f3 e5 4. Ne2 Nbd7 5. Nbc3 c6 6. Be3 g6 7. Qd2 Bg7 8. O-O-O Qa5 9. a3 b5 10. Kb1 O-O 11. Bh6 Bxh6 12. Qxh6 b4 13. axb4 Qxb4 14. h4 Rb8 15. b3 exd4 16. Rxd4 Qa3 17. h5 Nc5 18. hxg6 fxg6 19. Nf4 Nxb3 20. Bc4+ d5 21. cxb3 dxc4 22. Kc2 Qxb3+ 23. Kd2 Qb2+ 24. Ke3 Qxc3+ 25. Rd3 cxd3 26. Nxd3 Ba6 0-1


[Site "https://www.chess.com"]

[Event "Titled Tuesday Blitz February 28 Late 2023"]
[White "Lawson, Eric"]
[Black "Hajiyev, Kanan"]
[WhiteFideId "2604116"]
[BlackFideId "13404148"]
[WhiteElo "2498"]
[BlackElo "2103"]
[Result "0-1"]
[Round "10"]
[TimeControl "180+2"]
[Date "2023.02.28"]
[WhiteClock "0:00:33"]
[BlackClock "0:00:34"]

1. d4 d5 2. Nc3 c6 3. Bf4 a6 4. f3 Nf6 5. Qd2 Qa5 6. e4 e6 7. e5 Nfd7 8. Be3 c5 9. f4 Nc6 10. Nf3 cxd4 11. Nxd4 Bc5 12. a3 Nxd4 13. Bxd4 Bxd4 14. Qxd4 Qc5 15. Qxc5 Nxc5 16. b4 Nd7 17. O-O-O Nb6 18. Kb2 Bd7 19. Kb3 Rc8 20. Rd4 Ke7 21. a4 Rc7 22. a5 Rhc8 23. Nd1 Nc4 24. c3 Bb5 25. g3 Ne3 26. Bxb5 Nxd1 27. c4 axb5 28. cxb5 Rc3+ 29. Ka2 Rc2+ 30. Kb1 Rb2+ 31. Ka1 Rc1# 0-1


[Site "https://www.chess.com"]

[Event "Titled Tuesday Blitz February 28 Late 2023"]
[White "ArchibaldCerveza29"]
[Black "Guzman Moneo, Alberto"]
[BlackFideId "2209616"]
[WhiteElo "2494"]
[BlackElo "2157"]
[Result "1-0"]
[Round "10"]
[TimeControl "180+2"]
[Date "2023.02.28"]
[WhiteClock "0:00:30"]
[BlackClock "0:00:07"]

1. e4 c5 2. Nf3 Nc6 3. d4 cxd4 4. Nxd4 g6 5. Nc3 Nf6 6. f3 Nxd4 7. Qxd4 Bg7 8. Be3 O-O 9. O-O-O Ng4 10. Qd2 Nxe3 11. Qxe3 d6 12. g4 Be6 13. Kb1 Qa5 14. Nd5 Bxd5 15. Rxd5 Qb4 16. c3 Qb6 17. Qxb6 axb6 18. Rb5 Ra6 19. Rb3 Ra5 20. Rxb6 Rfa8 21. Bc4 h5 22. Rxb7 hxg4 23. Rxe7 Rc5 24. Bd5 Rb8 25. Rxf7 Kh8 26. Kc2 gxf3 27. Rxf3 Be5 28. Rg1 Rcb5 29. b3 Kg7 30. Rf7+ Kh6 31. a4 Rc5 32. c4 g5 33. Rb7 Rf8 34. Rg2 Rf3 35. b4 Rc8 36. Rf7 Rc3+ 37. Kd2 Ra3 38. Be6 Re8 39. Bf5 Bg7 40. Rg3 Ra2+ 41. Ke3 Rxh2 42. a5 Rh1 43. a6 Re1+ 44. Kd2 Rh1 45. b5 g4 46. Rxg4 Rh2+ 47. Ke3 Rh5 48. Rg6+ Kh7 49. Rgxg7+ Kh8 50. Rh7+ Kg8 51. Rxh5 d5 52. cxd5 Rb8 53. Rb7 Re8 54. a7 Rf8 55. Rb8 Kg7 56. Rxf8 1-0


[Site "https://www.chess.com"]

[Event "Titled Tuesday Blitz February 28 Late 2023"]
[White "Kleiman, Jake"]
[Black "Rangel, Daniel"]
[WhiteFideId "2020041"]
[BlackFideId "2124475"]
[WhiteElo "2491"]
[BlackElo "2256"]
[Result "1-0"]
[Round "10"]
[TimeControl "180+2"]
[Date "2023.02.28"]
[WhiteClock "0:00:10"]
[BlackClock "0:00:05"]

1. d4 Nf6 2. Bf4 g6 3. e3 Bg7 4. Nf3 O-O 5. h3 b6 6. a4 Bb7 7. a5 c5 8. a6 Bc8 9. c3 d5 10. Bb5 Bd7 11. Bd3 c4 12. Bc2 Nc6 13. O-O Na5 14. Nbd2 Rc8 15. e4 dxe4 16. Nxe4 Bb5 17. Nxf6+ Bxf6 18. Re1 Bxa6 19. Ne5 Bb7 20. Qg4 Bg7 21. Qh4 a6 22. Ng4 h5 23. Nh6+ Bxh6 24. Bxh6 Re8 25. Bg5 Nc6 26. Rad1 Qd7 27. d5 Nd8 28. Bxe7 Bxd5 29. Re5 Rc5 30. Bxc5 Rxe5 31. Bxb6 Ne6 32. Bd4 Nxd4 33. Qxd4 Qe6 34. Kh2 Qd6 35. f4 Re4 36. Bxe4 Qxf4+ 37. Kh1 Bxe4 38. Re1 f5 39. Qe3 Qe5 40. Kg1 Kg7 41. Qd4 Qxd4+ 42. cxd4 Bd3 43. Ra1 Kf6 44. Rxa6+ Kg5 45. Rc6 Kf4 46. Re6 g5 47. d5 Be4 48. d6 Bc6 49. Re7 g4 50. hxg4 fxg4 51. d7 Bxd7 52. Rxd7 1-0


[Site "https://www.chess.com"]

[Event "Titled Tuesday Blitz February 28 Late 2023"]
[White "Drnovsek, Gal"]
[Black "Kostiukov, Alexandr"]
[WhiteFideId "14607077"]
[BlackFideId "14108100"]
[WhiteElo "2293"]
[BlackElo "2202"]
[Result "1-0"]
[Round "10"]
[TimeControl "180+2"]
[Date "2023.02.28"]
[WhiteClock "0:00:54"]
[BlackClock "0:00:11"]

1. e4 c5 2. c3 g6 3. d3 Bg7 4. f4 Nc6 5. Nf3 e6 6. Be2 Nge7 7. O-O O-O 8. Be3 d6 9. Nbd2 a6 10. Qe1 Rb8 11. a4 b5 12. axb5 axb5 13. Qh4 b4 14. f5 exf5 15. Bh6 bxc3 16. bxc3 Bxh6 17. Qxh6 f6 18. d4 cxd4 19. cxd4 fxe4 20. Nxe4 Nf5 21. Qd2 Re8 22. Ng3 Nxg3 23. hxg3 Qe7 24. Bc4+ Kg7 25. Rfe1 Qf8 26. Rxe8 Qxe8 27. Bd5 Bb7 28. Qf4 Qe7 29. Rb1 Bc8 30. Re1 Qc7 31. Bxc6 Qxc6 32. Re7+ Kf8 33. Qxf6+ Kg8 34. Qg7# 1-0


[Site "https://www.chess.com"]

[Event "Titled Tuesday Blitz February 28 Late 2023"]
[White "Kalajzic, Ivan"]
[Black "Melikhov, Evgeny V."]
[WhiteFideId "14506378"]
[BlackFideId "4122046"]
[WhiteElo "2203"]
[BlackElo "2158"]
[Result "1/2-1/2"]
[Round "10"]
[TimeControl "180+2"]
[Date "2023.02.28"]
[WhiteClock "0:00:03"]
[BlackClock "0:00:02"]

1. b3 e5 2. Bb2 Nc6 3. e3 a6 4. Nf3 e4 5. Nd4 Nxd4 6. Bxd4 d5 7. c4 Bf5 8. cxd5 Qxd5 9. Nc3 Qd7 10. Ne2 h5 11. Ng3 Bg6 12. Be2 h4 13. Nh5 Bxh5 14. Bxh5 Ne7 15. Bg4 Qd5 16. Rc1 Nc6 17. O-O h3 18. Bxh3 Rh6 19. f4 Nxd4 20. exd4 Qxd4+ 21. Kh1 Bd6 22. Qg4 Kf8 23. Rc4 Qd3 24. Re1 Re8 25. Qe2 Qxe2 26. Rxe2 Bxf4 27. Rcxe4 Rxe4 28. Rxe4 Bxd2 29. Rd4 Rd6 30. Rxd6 cxd6 31. Bc8 a5 32. Bxb7 Ke7 33. Kg1 Be3+ 34. Kf1 Ke6 35. Ke2 Bg1 36. h3 d5 37. Kd3 Ke5 38. a3 g5 39. b4 axb4 40. axb4 Bb6 41. Bc8 f5 42. g3 f4 43. gxf4+ Kxf4 44. Be6 Ke5 45. Bg8 Ba7 46. Ke2 Bb6 47. Kf3 d4 48. Bc4 Bd8 49. Kg4 Ke4 50. b5 d3 51. Bb3 d2 52. Bd1 Ke3 53. h4 gxh4 54. b6 Bxb6 55. Kxh4 Kf2 56. Ba4 Ke1 57. Kg4 d1=Q+ 58. Bxd1 1/2-1/2


[Site "https://www.chess.com"]

[Event "Titled Tuesday Blitz February 28 Late 2023"]
[White "Vovk, Orest"]
[Black "Smith, Garrett L"]
[WhiteFideId "14113490"]
[BlackFideId "2024829"]
[WhiteElo "2215"]
[BlackElo "2307"]
[Result "1-0"]
[Round "10"]
[TimeControl "180+2"]
[Date "2023.02.28"]
[WhiteClock "0:01:38"]
[BlackClock "0:01:01"]

1. h4 d5 2. h5 e5 3. h6 Nxh6 4. d4 e4 5. Bxh6 gxh6 6. e3 Nc6 7. Ne2 Bf5 8. Nf4 Ne7 9. c4 dxc4 10. Bxc4 Ng6 11. Qb3 Nxf4 12. Bxf7+ Ke7 13. exf4 Qxd4 14. Nc3 c6 15. Qxb7+ Qd7 16. Qxa8 Kxf7 17. Rd1 Qe7 18. Qxc6 Bg7 19. Nd5 1-0


[Site "https://www.chess.com"]